 Dungeon Sprint DCSS version 0.20.1-1-g8b1a95d (webtiles) character file.

580 Lanoc the Basher (level 7, -6/76 HPs)
             Began as a Troll Berserker on Nov 30, 2017.
             Was an Elder of Trog.
             Mangled by a tyrant leech (13 damage)
             ... in the Dungeon (Sprint II: "The Violet Keep of Menkaure").
             The game lasted 00:04:56 (385 turns).

Lanoc the Basher (Troll Berserker)                   Turns: 385, Time: 00:04:57

Health: -6/76      AC:  5    Str: 28    XL:     7   Next: 13%
Magic:  6/6        EV: 12    Int:  3    God:    Trog [****..]
Gold:   729        SH:  0    Dex:  9    Spells: 6/6 levels left

rFire    . . .     SeeInvis .   a - +0 mace
rCold    . . .     Gourm    +   (no shield)
rNeg     . . .     Faith    .   b - +0 animal skin
rPois    .         Spirit   .   (helmet restricted)
rElec    .         Reflect  .   (no cloak)
rCorr    .         Harm     .   (gloves unavailable)
MR       .....     NoTele   +   (boots unavailable)
Stlth    +.........             (no amulet)
Regen    0.7/turn               (no ring)
MPRegen  0.1/turn               (no ring)

@: berserk cooldown, slowed, very slow
A: unfitting armour, claws 3, fast metabolism 3, gourmand, regeneration 1,
shaggy fur 1, tough skin 2
a: Berserk, Trog's Hand, Brothers in Arms, Burn Spellbooks, Renounce Religion


You were in the Dungeon.
You worshipped Trog.
Trog was greatly pleased with you.
You were not hungry.

You visited 1 branch You collected 729 gold pieces.

Inventory:

Hand Weapons
 a - a +0 mace (weapon)
Armour
 b - a +0 animal skin (worn)
Scrolls
 i - a scroll of blinking
Potions
 d - a potion of curing
 e - a potion of heal wounds
 f - a potion of haste
 g - 2 potions of magic
 h - a potion of berserk rage
Comestibles
 c - 2 bread rations


   Skills:
 + Level 6.3 Fighting
 * Level 9.4 Maces & Flails
 + Level 5.6 Armour
 + Level 6.2 Dodging


You had 6 spell levels left.
You didn't know any spells.

Dungeon Overview and Level Annotations

Branches:
Dungeon (1/1)

Altars:

Shops:
D %(:[=*[}[=(::!!?

Annotations:
D exclusions: obsidian statue and oklob plant, Roxanne


Innate Abilities, Weirdness & Mutations

You are too large for most types of armour.
You have claws for hands.
Your metabolism is lightning-fast.
You like to eat raw meat.
Your natural rate of healing is unusually fast.
You are covered in fur. (AC +1)
You have very tough skin. (AC +2)


Message History

The tyrant leech bites you!!
The tyrant leech draws strength from your injuries!
You miss the tyrant leech.
You are no longer berserk.
You are exhausted.
You feel yourself slow down.
You hit the tyrant leech.
The tyrant leech is lightly wounded.
The tyrant leech bites you!!
* * * LOW HITPOINT WARNING * * *
The tyrant leech draws strength from your injuries!
You closely miss the tyrant leech. The tyrant leech barely misses you.
You closely miss the tyrant leech. The tyrant leech bites you!
* * * LOW HITPOINT WARNING * * *
The tyrant leech draws strength from your injuries!
The tyrant leech closely misses you.
You barely miss the tyrant leech.
The tyrant leech is engulfed in a cloud of scalding steam.
The tyrant leech bites you!
You die...

##...∩.∩..#≈#...##.####.#..#
##....⌠...'≈'.#)'.<.'.##'..#
##........#≈#...##.##...#....#
#▓▓▓▓▓▓▓###≈##.###+###.##......≈
##(hE######≈≈### ####≈≈....§≈#
#?$h#G ##≈≈≈# ..# ≈≈≈≈≈≈..≈#
#∩P?+$ #+#≈## #$# ≈§§≈≈≈≈.§#
#[.$ ! #≈≈##§##≈≈§§≈≈§≈≈≈≈#
##≈@ww≈§≈≈§≈≈§≈≈§≈≈ #+++#+++#≈≈
§≈≈ §§§≈≈ 8§§§≈§+ §§§§§## §≈§§##
+####


You could see 2 tyrant leeches.

Vanquished Creatures
  A merfolk siren (D)
  Menkaure (D)
  4 worker ants (D)
  3 worms (D)
9 creatures vanquished.

Vanquished Creatures (others)
  A crocodile (D)
1 creature vanquished.

Grand Total: 10 creatures vanquished

Notes
Turn   | Place    | Note
-------+----------+-------------------------------------------
     0 | D        | Lanoc the Troll Berserker began the quest for the Orb.
     0 | D        | Reached XP level 1. HP: 22/22 MP: 0/0
     5 | D        | Reached skill level 3 in Maces & Flails
     8 | D        | Reached skill level 1 in Armour
    52 | D        | Killed a crocodile
    70 | D        | Reached ** piety under Trog
    70 | D        | Reached XP level 2. HP: 27/29 MP: 1/1
   116 | D        | Noticed Menkaure
   117 | D        | Noticed Roxanne
   125 | D        | Killed Menkaure
   125 | D        | Reached skill level 6 in Maces & Flails
   125 | D        | Reached XP level 3. HP: 5/39 MP: 2/2
   125 | D        | Reached XP level 4. HP: 7/48 MP: 3/3
   209 | D        | Reached XP level 5. HP: 55/55 MP: 4/4
   213 | D        | Reached *** piety under Trog
   215 | D        | Reached skill level 7 in Maces & Flails
   219 | D        | Reached skill level 5 in Fighting
   276 | D        | Noticed a merfolk siren
   289 | D        | Killed a merfolk siren
   289 | D        | Reached **** piety under Trog
   289 | D        | Reached skill level 9 in Maces & Flails
   289 | D        | Reached skill level 5 in Armour
   289 | D        | Reached XP level 6. HP: 68/68 MP: 5/5
   289 | D        | Reached XP level 7. HP: 76/76 MP: 6/6
   326 | D        | Found Voasod's Book Shop.
   326 | D        | Found Nugaw's Distillery.
   326 | D        | Found Taadeoso's Jewellery Boutique.
   326 | D        | Found Ykked's Magic Scroll Shop.
   326 | D        | Found Goehet's Weapon Boutique.
   326 | D        | Found Gaarrij's Book Boutique.
   327 | D        | Found Hagifel's Antique Armour Boutique.
   327 | D        | Found Kuwum's Gadget Shop.
   327 | D        | Found Roemitu's Distillery.
   328 | D        | Found Zoceedef's Antique Armour Shop.
   328 | D        | Found Kizosung's Assorted Antiques.
   330 | D        | Found Kaxough's Jewellery Boutique.
   330 | D        | Found Dufreuj's Antique Armour Shop.
   330 | D        | Noticed an iron elemental
   330 | D        | Noticed an oklob plant
   331 | D        | Found Oklag's Antique Weapon Shop.
   331 | D        | Found Naka's Food Boutique.
   331 | D        | Found Tiamuif's Book Shoppe.
   331 | D        | Noticed a polar bear
   333 | D        | Noticed a polar bear
   343 | D        | Noticed a shining eye
   366 | D        | Noticed an obsidian statue
   367 | D        | Noticed a tyrant leech
   379 | D        | Noticed a tyrant leech
   385 | D        | Mangled by a tyrant leech

Skill      XL: |  1  2  3  4  5 |
---------------+----------------+-----
Maces & Flails | 3 6 9 |  9.4
Armour         | 1 3 5 |  5.6
Fighting       | 4 6 |  6.3
Dodging        | 4 6 |  6.2

Action                   |  1- 3 |  4- 6 |  7- 9 || total
-------------------------+-------+-------+-------++-------
Melee: Mace              |    15 |    27 |    16 ||    58
Invok: Berserk           |     3 |     2 |     1 ||     6
  Eat: Chunk             |     4 |     2 |       ||     6
Armor: Animal skin       |     1 |     2 |       ||     3
Dodge: Dodged            |       |     9 |     5 ||    14
